 Dungeon Crawl Stone Soup version 0.31.0-11-ge490571c62 (webtiles) character file.

Game seed: 6027777503691496380

224 puppykicker the Cleaver (level 6, -1/50 HPs)
             Began as a Hill Orc Reaver on Jan 31, 2024.
             Slain by an ice beast (14 damage)
             ... on level 4 of the Dungeon.
             The game lasted 00:05:59 (2756 turns).

puppykicker the Cleaver (Hill Orc Reaver)           Turns: 2756, Time: 00:05:59

Health: -1/50      AC:  4    Str: 13 (15) XL:     6   Next: 0%
Magic:  8/8        EV: 11    Int: 13 (15) God:
Gold:   180        SH:  0    Dex:  9 (11) Spells: 7/8 levels left

rFire   . . .        a - +0 hand axe
rCold   . . .        (no shield)
rNeg    . . .        f - +0 leather armour
rPois   +            i - +0 helmet
rElec   .            (no cloak)
rCorr   +            (no gloves)
SInv    +            (no boots)
Will    .....        u - amulet "Oriliaf" {Regen+ Dex+2}
Stlth   +            C - ring of resist corrosion
HPRegen 1.08/turn    P - ring of poison resistance
MPRegen 0.11/turn

%: no passive effects
@: no status effects
A: see invisible, persistent drain
a: no special abilities


You were on level 4 of the Dungeon.
You visited 1 branch of the dungeon, and saw 4 of its levels.

You collected 180 gold pieces.

Inventory:

Hand Weapons
 a - a +0 hand axe (weapon)
 b - a +0 sling
Missiles
 o - 3 poisoned darts (quivered)
Armour
 f - a +0 leather armour (worn)
 i - a +0 helmet (worn)
Jewellery
 u - the amulet "Oriliaf" (around neck) {Regen+ Dex+2}
   (You found it on level 3 of the Dungeon)

   [amulet of regeneration]

   Dex+2:     It affects your dexterity (+2).
   Regen+:    It increases your rate of health regeneration.
 C - a ring of resist corrosion (left hand)
 P - a ring of poison resistance (right hand)
Scrolls
 e - a scroll of fog {unknown}
 h - a scroll of enchant armour {unknown}
 l - a scroll of summoning {unknown}
 q - a scroll of blinking {unknown}
 r - a scroll of identify {unknown}
 v - a scroll of poison {unknown}
Potions
 c - a potion of brilliance {unknown}
 d - a potion of lignification {unknown}
 g - 2 potions of heal wounds {unknown}
 j - 2 potions of haste {unknown}
 k - a potion of mutation {!q}
 n - 3 potions of curing {unknown}
 s - a potion of berserk rage {unknown}
 t - 2 potions of ambrosia {unknown}


   Skills:
 - Level 2.4 Fighting
 + Level 8.5 Axes
 - Level 1.5 Dodging
 - Level 1.5 Spellcasting
 - Level 3.0 Conjurations


You had 7 spell levels left.
You knew the following spells:

 Your Spells              Type           Power      Damage    Failure   Level
a - Kiss of Death         Conj/Necr      16%        2d6       19%         1

Your spell library contained the following spells:

 Spells                   Type           Power      Damage    Failure   Level
 Sting                    Conj/Alch      16%        1d4       19%         1
 Momentum Strike          Conj/Tloc      8%         3d8       28%         2
 Lesser Beckoning         Tloc           2%         N/A       45%         2
 Mercury Vapours          Alch/Air       2%         N/A       45%         2
 Hailstorm                Conj/Ice       4%         3d5       50%         3
 Gell's Gravitas          Tloc           1%         N/A       71%         3
 Teleport Other           Tloc           1%         N/A       71%         3
 Olgreb's Toxic Radiance  Alch           1%         N/A       98%         4


Dungeon Overview and Level Annotations

Branches:
Dungeon (4/15)
 Temple: D:4-7

Altars:
Hepliaklqana
Ru
Xom

Shops:
D:2 :

Portals:
Ossuary: D:4


Innate Abilities, Weirdness & Mutations

You have supernaturally acute eyesight. (SInv)
Your health recovers twice as slowly from being drained.


Message History

The ice beast hits you. The ice beast freezes you!
You take 14 damage, and have 36/50 hp.
MASSIVE DAMAGE!!
You hit the ice beast but do no damage.
The ice beast is moderately wounded.
The ice beast hits you but does no damage.
You hit the ice beast but do no damage.
The ice beast is lightly wounded.
The ice beast barely misses you.
Unknown command.
You hit the ice beast but do no damage.
The ice beast is lightly wounded.
The ice beast hits you but does no damage.
You closely miss the ice beast.
The ice beast is lightly wounded.
The ice beast hits you. The ice beast freezes you.
You take 6 damage, and have 33/50 hp.
Unknown command.
It was a potion of mutation.
You feel extremely strange.
Your vision sharpens.
You begin to recover more slowly from draining effects.
The ice beast hits you. The ice beast freezes you!
* * * LOW HITPOINT WARNING * * *
You take 10 damage, and have 23/50 hp.
It was a potion of cancellation.
You feel magically purged. The ice beast hits you.
* * * LOW HITPOINT WARNING * * *
The ice beast freezes you.
* * * LOW HITPOINT WARNING * * *
You take 8 damage, and have 15/50 hp.
Unknown command.
It was a potion of degeneration.
There was something very wrong with that liquid.
You feel weakened.
You feel dopey.
You feel clumsy. The ice beast hits you.
* * * LOW HITPOINT WARNING * * *
The ice beast freezes you!
You die...

.. # ..#######
#.#.#..∩..#
#.#.#..@..#
#.#.#.#Y#.#
###...# #.# #
#.....###.###...
#.#............
#...#.##..##...
###.#.# #....
#...#.# .#...
#.###.# .#.#..


You could see an ice beast.

Levels and vault maps discovered:
D:1:      dpeg_arrival_boxes_within_box, layout_basic,
          shapermc_ecumenical_altar_flowoftime, st_stairs_13,
          kennysheep_minor_cross, minmay_quantized
D:2:      layout_rooms, basic_altar, serial_aquarium, aquarium_bridge_square
          [aquarium_subvault_wall, aquarium_subvault_bridge,
          aquarium_subvault_wall, aquarium_subvault_bridge],
          aquarium_bridge_square [aquarium_subvault_window,
          aquarium_subvault_wall, aquarium_subvault_bridge,
          aquarium_subvault_bridge], aquarium_window_2,
          aquarium_window_corridor_3, aquarium_window_2, aquarium_window_2,
          aquarium_view_2c, aquarium_view_2c, aquarium_pool_2, serial_shops,
          nicolae_shop_rolling_square
D:3:      layout_loops_ring, regret_index_temple_of_mockery
D:4:      layout_basic, nicolae_dithmenos_shadow_blocks, enter_ossuary_4

Notes
Turn   | Place    | Note
-------+----------+-------------------------------------------
     0 | D:1      | puppykicker the Hill Orc Reaver began the quest for the
                  | Orb.
     0 | D:1      | Reached XP level 1. HP: 18/18 MP: 3/3
   257 | D:1      | Reached XP level 2. HP: 25/25 MP: 4/4
   289 | D:1      | Identified a +0 dagger
   369 | D:1      | Identified a +0 club
   385 | D:1      | Reached skill level 5 in Axes
   419 | D:1      | Identified a +0 dagger
   437 | D:1      | Identified a +0 sling
   459 | D:1      | Found a faded altar of an unknown god.
   460 | D:1      | Identified a +0 hand axe
   489 | D:1      | Identified a +0 dagger
   523 | D:1      | Identified a +0 short sword
   559 | D:1      | Identified a +0 hand axe
   582 | D:1      | Reached XP level 3. HP: 30/30 MP: 5/5
   613 | D:1      | Identified a +0 short sword
   658 | D:1      | Identified a +0 dagger
   669 | D:1      | Identified a +0 dagger
   929 | D:2      | Identified a +0 helmet
   992 | D:2      | Identified a +0 club
  1002 | D:2      | Reached skill level 6 in Axes
  1011 | D:2      | Identified a +0 dagger
  1044 | D:2      | Identified a +0 club
  1092 | D:2      | Reached XP level 4. HP: 37/37 MP: 6/6
  1093 | D:2      | Identified a +0 dagger
  1093 | D:2      | Identified a +0 dagger
  1097 | D:2      | Identified a +0 dagger
  1097 | D:2      | Identified a ring of resist corrosion
  1139 | D:2      | Identified a +0 club
  1252 | D:2      | Found a sacrificial altar of Ru.
  1288 | D:2      | Found Ypheviti's Book Boutique.
  1339 | D:2      | Identified a +0 short sword
  1386 | D:2      | Identified a +0 robe
  1418 | D:2      | Identified a +0 ring mail
  1428 | D:2      | Identified a +0 trident
  1725 | D:3      | Identified a +0 dagger
  1767 | D:3      | Identified a +0 robe
  1773 | D:3      | Identified a +0 rapier
  1788 | D:3      | Found a hazy altar of Hepliaklqana.
  1789 | D:3      | Found a shimmering altar of Xom.
  1789 | D:3      | Identified a +0 hand axe
  1789 | D:3      | Identified a +0 ring mail
  1790 | D:3      | Noticed a spectral ugly thing
  1790 | D:3      | Identified a +0 hand axe
  1790 | D:3      | Identified a +0 ring mail
  1854 | D:3      | Identified a ring of poison resistance
  1902 | D:3      | Identified a +0 club
  1927 | D:3      | Identified a +3 dagger
  1931 | D:3      | Reached skill level 7 in Axes
  2020 | D:3      | Identified a +0 dagger
  2092 | D:3      | Identified a +0 club
  2131 | D:3      | Identified a +0 flail
  2167 | D:3      | Identified the amulet "Oriliaf" {Regen+ Dex+2}
  2215 | D:3      | Identified a +0 dagger
  2216 | D:3      | Identified a +0 robe
  2264 | D:3      | Identified a +0 whip
  2264 | D:3      | Identified a +0 ring mail
  2264 | D:3      | Identified a +0 flail
  2264 | D:3      | Identified a +0 whip
  2264 | D:3      | Identified a +0 chain mail
  2264 | D:3      | Identified a +0 trident
  2278 | D:3      | Reached XP level 5. HP: 40/42 MP: 7/7
  2640 | D:4      | Reached skill level 8 in Axes
  2706 | D:4      | Reached XP level 6. HP: 50/50 MP: 8/8
  2739 | D:4      | Noticed an ice beast
  2740 | D:4      | Found a sand-covered staircase.
  2754 | D:4      | Identified 2 potions of mutation
  2754 | D:4      | Gained mutation: You have supernaturally acute eyesight.
                  | (SInv) [potion of mutation]
  2754 | D:4      | Gained mutation: Your health recovers twice as slowly from
                  | being drained. [potion of mutation]
  2755 | D:4      | Identified a potion of cancellation
  2756 | D:4      | Identified a potion of degeneration
  2756 | D:4      | Slain by an ice beast

Table legend: (Time is in decaauts)
 A = Elapsed time spent in this place.
 B = Non-inter-level travel time spent in this place.
 C = Inter-level travel time spent in this place.
 D = Time resting spent in this place.
 E = Time spent auto-exploring this place.
 F = Levels seen in this place.
 G = Mean time per level.
                   A        B        C        D        E       F      G
               +--------+--------+--------+--------+--------+-----+--------+
         Total |   2750 |   2632 |    118 |    174 |   1788 |   4 |  687.5 |
       Dungeon |   2750 |   2632 |    118 |    174 |   1788 |   4 |  687.5 |
               +--------+--------+--------+--------+--------+-----+--------+

Top non-repeatable levels by time:
     D:1: 857 daAuts
     D:2: 853 daAuts
     D:3: 720 daAuts
     D:4: 318 daAuts

Table legend:
 A = Kills in this place as a percentage of kills in the entire game.
 B = Kills by you in this place as a percentage of kills by you in the entire game.
 C = Kills by friends in this place as a percentage of kills by friends in the entire game.
 D = Other kills in this place as a percentage of other kills in the entire game.
 E = Experience gained in this place as a percentage of experience gained in the entire game.
 F = Experience gained in this place divided by the number of levels of this place that you have seen.
                   A       B       C       D       E      F
               +-------+-------+-------+-------+-------+----------------------
         Total | 100.0 | 100.0 |   N/A |   N/A | 100.0 |  80.0
       Dungeon | 100.0 | 100.0 |   N/A |   N/A | 100.0 |  80.0
               +-------+-------+-------+-------+-------+----------------------

Skill      XL: |  1  2  3  4  5 |
---------------+----------------+-----
Axes           | 5 6 7 8 |  8.5
Fighting       | |  2.4
Dodging        | |  1.5
Spellcasting   | |  1.5
Conjurations   | |  3.0

Action                     |  1- 3 |  4- 6 || total
---------------------------+-------+-------++-------
  Melee: Hand axe          |   149 |   159 ||   308
         Punch             |     3 |       ||     3
    Use: Potion            |       |     3 ||     3
 Armour: Leather armour    |    66 |    90 ||   156
  Dodge: Dodged            |    63 |    81 ||   144

Vanquished Creatures
  A scorpion (D:4)
  A hound (D:4)
  5 adders
  3 ribbon worms
  4 orcs (D:3)
  9 endoplasms
  3 giant cockroaches
  15 goblins
  5 hobgoblins
  4 jackals (D:2)
  6 kobolds
  A quokka (D:3)
  7 ball pythons
  5 bats
  2 frilled lizards (D:1)
  6 rats
77 creatures vanquished.
